 Dungeon Crawl Stone Soup version 0.30-a0-1018-g25214051b3 (webtiles) character file.

Game seed: 8289634717485596164

32 Lobster4 the Digger (level 3, 0/32 HPs)
             Began as a Troll Earth Elementalist on Apr 7, 2023.
             Slain by Terence
             ... wielding a +0 mace
              (3 damage)
             ... on level 2 of the Dungeon on Apr 8, 2023.
             The game lasted 00:02:52 (830 turns).

Lobster4 the Digger (Troll Earth Elementalist)       Turns: 830, Time: 00:02:52

Health: 0/32       AC:  4    Str: 16    XL:     3   Next: 10%
Magic:  1/4        EV: 10    Int: 13    God:
Gold:   56         SH:  0    Dex: 10    Spells: 1/4 levels left

rFire   . . .      SeeInvis .    (no weapon)
rCold   . . .      Faith    .    (no shield)
rNeg    . . .      Spirit   .    a - +0 robe
rPois   .          Reflect  .    (helmet restricted)
rElec   .          Rampage  .    (no cloak)
rCorr   +                        (gloves unavailable)
Will    .....                    (boots unavailable)
Stlth   +                        (no amulet)
HPRegen 1.05/turn                f - ring of resist corrosion
MPRegen 0.09/turn                h - ring of wizardry

@: no status effects
A: large, unfitting armour, claws 3, regeneration 1, shaggy fur 1, tough skin 1
a: no special abilities


You were on level 2 of the Dungeon.
You visited 1 branch of the dungeon, and saw 2 of its levels.

You collected 56 gold pieces.

Inventory:

Hand Weapons
 c - a +2 dagger of venom
 g - a +0 mace
Armour
 a - a +0 robe (worn)
Jewellery
 f - a ring of resist corrosion (left claw)
 h - a ring of wizardry (right claw)
Scrolls
 d - a scroll of blinking {unknown}
 e - a scroll of noise {unknown}
 i - a scroll of silence {unknown}
 j - a scroll of enchant weapon {unknown}
 k - a scroll of identify {unknown}
Potions
 b - a potion of magic


   Skills:
 + Level 0.6 Fighting
 + Level 0.2 Maces & Flails
 + Level 0.7 Armour
 + Level 1.8 Dodging
 - Level 1.0 Stealth
 + Level 0.7 Unarmed Combat
 + Level 1.3 Spellcasting
 - Level 1.0 Transmutations
 + Level 2.9 Earth Magic


You had one spell level left.
You knew the following spells:

 Your Spells              Type           Power      Damage    Failure   Level
a - Sandblast             Erth           16%        2d6       3%          1
b - Passwall              Tmut/Erth      4%         N/A       8%          2

Your spell library contained the following spells:

 Spells                   Type           Power      Damage    Failure   Level
 Ensorcelled Hibernation  Hex/Ice        0%         N/A       16%         2
 Stone Arrow              Conj/Erth      8%         3d7       17%         3
 Portal Projectile        Hex/Tloc       0%         N/A       32%         3
 Swiftness                Air            0%         N/A       32%         3
 Tukima's Dance           Hex            0%         N/A       32%         3
 Petrify                  Tmut/Erth      5%         N/A       43%         4
 Blade Hands              Tmut           1%         N/A       86%         5


Dungeon Overview and Level Annotations

Branches:
Dungeon (2/15)

Altars:

Annotations:
D:2 Terence


Innate Abilities, Weirdness & Mutations

You are too large for most types of armour.
You have claws for hands.
Your natural rate of healing is unusually fast.
You are covered in fur. (AC +1)
You have tough skin. (AC +1)


Message History

Confirm with . or Enter, or press ? or * to list all spells.
Aiming: Sandblast (safe; 3% risk of failure)
Press: ? - help, Shift-Dir - straight line, f/p - Terence
Aim: Terence, wielding a +0 mace, wearing a +0 scale mail and carrying a wand of digging (5) (heavily wounded, 83% to hit)
The blast of sand hits Terence but does no damage.
Terence is heavily wounded.
Terence barely misses you. Terence hits you with a +0 mace.
Casting: Sandblast (safe; 3% risk of failure)
Confirm with . or Enter, or press ? or * to list all spells.
Aiming: Sandblast (safe; 3% risk of failure)
Press: ? - help, Shift-Dir - straight line, f/p - Terence
Aim: Terence, wielding a +0 mace, wearing a +0 scale mail and carrying a wand of digging (5) (heavily wounded, 83% to hit)
The blast of sand hits Terence but does no damage.
Terence is heavily wounded.
Terence hits you with a +0 mace.
You scratch Terence.
Terence is severely wounded.
Terence barely misses you.
You scratch Terence but do no damage.
Terence is severely wounded.
Terence hits you with a +0 mace.
You scratch Terence but do no damage.
Terence is severely wounded.
Terence hits you with a +0 mace.
You barely miss Terence.
Terence is severely wounded.
Terence hits you with a +0 mace.
You closely miss Terence.
Terence is severely wounded.
Terence hits you with a +0 mace!
* * * LOW HITPOINT WARNING * * *
You barely miss Terence.
Terence is severely wounded.
Terence hits you with a +0 mace!
* * * LOW HITPOINT WARNING * * *
Okay, then.
You scratch Terence.
Terence is severely wounded.
Terence hits you with a +0 mace.
You die...

#.# #.#
#.# #.#
#####.###
#.#
#.......##
#..
#.#####..#
#####.#
#†..#.#
#.#.#.#
#@#.'.#
#@#####
.r. #.#..
.. #.# +#.
.# ## ##


You could see Terence and a rat.

Vanquished Creatures
  A worm (D:2)
  3 endoplasms (D:1)
  3 giant cockroaches
  4 goblins (D:1)
  3 jackals (D:1)
  A kobold (D:2)
  A ball python (D:1)
  8 bats
  A frilled lizard (D:1)
  A rat (D:1)
26 creatures vanquished.

Notes
Turn   | Place    | Note
-------+----------+-------------------------------------------
     0 | D:1      | Lobster4 the Troll Earth Elementalist began the quest for
                  | the Orb.
     0 | D:1      | Reached XP level 1. HP: 16/16 MP: 1/1
   136 | D:1      | Reached XP level 2. HP: 24/24 MP: 2/2
   148 | D:1      | Learned a level 2 spell: Passwall
   524 | D:1      | Reached skill level 1 in Transmutations
   776 | D:2      | Reached XP level 3. HP: 25/32 MP: 4/4
   819 | D:2      | Noticed Terence
   830 | D:2      | Slain by Terence

Illustrated notes

Levels and vault maps discovered:
D:1:      wander_arrival_chamber, layout_loops_ring,
          chequers_serial_rivers_large_a
D:2:      minmay_chambers_of_ones, layout_loops_ring, minmay_pentomino_o2,
          uniq_natasha, uniq_terence, uniq_jessica

Skill      XL: |  1  2 |
---------------+-------+-----
Transmutations | 1 |  1.0
Fighting       | |  0.6
Maces & Flails | |  0.2
Armour         | |  0.7
Dodging        | |  1.8
Stealth        | |  1.0
Unarmed Combat | |  0.7
Spellcasting   | |  1.3
Earth Magic    | |  2.9

Action                     || total
---------------------------++-------
  Melee: Unarmed           ||    60
   Cast: Sandblast         ||     6
   Stab: Sleeping          ||     4
 Armour: Robe              ||    25
  Dodge: Dodged            ||    24

Table legend: (Time is in decaauts)
 A = Elapsed time spent in this place.
 B = Non-inter-level travel time spent in this place.
 C = Inter-level travel time spent in this place.
 D = Time resting spent in this place.
 E = Time spent auto-exploring this place.
 F = Levels seen in this place.
 G = Mean time per level.
                   A        B        C        D        E       F      G
               +--------+--------+--------+--------+--------+-----+--------+
         Total |    831 |    797 |     34 |      0 |    607 |   2 |  415.5 |
       Dungeon |    831 |    797 |     34 |      0 |    607 |   2 |  415.5 |
               +--------+--------+--------+--------+--------+-----+--------+

Top non-repeatable levels by time:
     D:1: 748 daAuts
     D:2: 82 daAuts
